 Dungeon Crawl Stone Soup version 0.25.0 (webtiles) character file.

Game seed: 11795326614663866352

4813 Esekla the Slasher (level 10, -2/51 HPs)
             Began as a Vine Stalker Warper on June 12, 2020.
             Was a Priest of Ashenzari.
             Slain by a killer bee (4 damage)
             ... on level 9 of the Dungeon.
             The game lasted 01:16:32 (11431 turns).

Esekla the Slasher (Vine Stalker Warper)           Turns: 11431, Time: 01:16:33

Health: -2/51      AC:  4    Str: 14    XL:     10   Next: 48%
Magic:  0/20       EV: 16    Int: 15    God:    Ashenzari [***...]
Gold:   433        SH:  0    Dex: 15    Spells: 16/21 levels left

rFire    . . .     SeeInvis +   v - +2 dagger (venom)
rCold    + . .     Gourm    .   (no shield)
rNeg     . . .     Faith    +   b - +1 leather armour
rPois    .         Spirit   +   (helmet restricted)
rElec    .         Reflect  .   (no cloak)
rCorr    .         Harm     .   (no gloves)
MR       +....                  (no boots)
Stlth    +++.......             q - amulet of faith (curse)
HPRegen  0.57/turn              j - ring of stealth
MPRegen  0.17/turn              i - ring of protection from cold

@: lethally poisoned (-2 -> -2)
A: antennae 1, fangs 3, repulsion field 1, sense surroundings 1, regeneration 1,
wild magic 1, magic shield, antimagic bite, no potion heal 3, rot immunity
a: Curse Item, Scrying, Renounce Religion


You were on level 9 of the Dungeon.
You worshipped Ashenzari.
Ashenzari was most pleased with you.
You were not hungry.

You visited 2 branches of the dungeon, and saw 10 of its levels.
You also visited: Sewer.

You collected 433 gold pieces.

Inventory:

Hand Weapons
 a - a +0 falchion
 h - a +0 dagger of holy wrath
 t - a +5 trident
 v - a +2 dagger of venom (weapon)
Missiles
 c - 23 poisoned darts (quivered)
 e - 3 boomerangs of dispersal
 I - 4 curare-tipped darts
 K - 7 boomerangs
Armour
 b - a +1 leather armour (worn)
 o - a +0 helmet
 E - a cursed +0 pair of gloves
 L - a +0 buckler
Jewellery
 i - a ring of protection from cold (right hand)
 j - a ring of stealth (left hand)
 q - a cursed amulet of faith (around neck)
 A - an uncursed ring of protection from cold
 B - an uncursed amulet of regeneration
 G - an uncursed ring of poison resistance
Wands
 d - a wand of iceblast (4)
 k - a wand of digging (2)
 p - a wand of flame (29)
Scrolls
 l - 2 scrolls of enchant armour
 n - 5 scrolls of teleportation
 s - 2 scrolls of fog {unknown}
 x - 3 scrolls of immolation {unknown}
 y - a scroll of noise {unknown}
 z - 2 scrolls of remove curse
 C - a scroll of fear
 F - 2 scrolls of silence {unknown}
 M - a scroll of torment {unknown}
Potions
 g - 6 potions of flight
 m - a potion of ambrosia {unknown}
 r - a potion of stabbing {unknown}
 u - a potion of invisibility {unknown}
 w - a potion of haste
 D - 2 potions of might
 H - a potion of resistance {unknown}
Comestibles
 f - 19 rations


   Skills:
 * Level 5.4 Fighting
 + Level 1.1(4.9) Short Blades
 * Level 7.6(7.7) Long Blades
 + Level 1.3 Throwing
 + Level 3.1 Armour
 + Level 4.1 Dodging
 + Level 2.1 Stealth
 * Level 6.2 Spellcasting
 * Level 2.2 Hexes
 * Level 5.2 Charms
 * Level 5.0 Translocations
 + Level 0.1 Evocations


You had 16 spell levels left.
You knew the following spells:

 Your Spells              Type           Power        Failure   Level  Hunger
a - Shroud of Golubria    Chrm/Tloc      ####..       5%          2    #......
b - Blink                 Tloc           N/A          6%          2    #......
c - Corona                Hex            ##.....      11%         1    None

Your spell library contained the following spells:

 Spells                   Type           Power        Failure   Level  Hunger
 Gell's Gravitas          Tloc           ####......   11%         3    ##.....
 Lesser Beckoning         Tloc           ####......   11%         3    ##.....
 Teleport Other           Tloc           ####....     11%         3    ##.....
 Slow                     Hex            ##......     16%         2    #......
 Portal Projectile        Hex/Tloc       ###...       17%         3    ##.....
 Passage of Golubria      Tloc           N/A          30%         4    ####...
 Inner Flame              Hex/Fire       ##......     41%         3    ##.....
 Cause Fear               Hex            ##........   65%         4    ####...
 Leda's Liquefaction      Hex/Erth       ##........   80%         4    ####...


Dungeon Overview and Level Annotations

Branches:
Dungeon (9/15)             Temple (1/1) D:6           Sewer (visited)
   Lair: D:8-11         Orc: D:9-12

Altars:
Ashenzari
Cheibriados
Dithmenos
Elyvilon
Fedhas
Gozag
Hepliaklqana
Kikubaaqudgha
Makhleb
Nemelex Xobeh
Okawaru
Qazlal
Ru
Sif Muna
Trog
Uskayaw
Vehumet
Wu Jian
Xom
Yredelemnul
Zin
The Shining One

Annotations:
D:4 2 transporters, grindst0ne's ghost, amateur GnWn
D:7 Harold


Innate Abilities, Weirdness & Mutations

You have razor-sharp teeth.
Your natural rate of healing is unusually fast.
When hurt, damage is shared between your health and your magic reserves.
Your bite disrupts and absorbs the magic of your enemies.
Potions cannot restore your health.
You are immune to rotting.
You have a pair of small antennae on your head.
You are surrounded by a mild repulsion field. (EV +2)
You passively map a small area around you.
Your spells are a little harder to cast, but a little more powerful.


Message History

You are no longer poisoned.
You start resting.
The killer bee is too close now for your liking.
The killer bee stings you.
* * * LOW HITPOINT WARNING * * *
The killer bee misses you.
You miss the killer bee. Your bite misses the killer bee.
The killer bee stings you!
* * * LOW HITPOINT WARNING * * *
The killer bee misses you.
You hit the killer bee.
The killer bee is poisoned.
Your bite misses the killer bee.
The killer bee is moderately wounded.
The killer bee stings you!
* * * LOW HITPOINT WARNING * * *
You are poisoned.
The killer bee poisons you!
You feel sick. The killer bee barely misses you. The killer bee stings you.
You die...

#....+.... #....#....
#....#.... ##.........
######.###)###'#
#.....###.###...
############.....###.##....
###.....##...#.....##.###....
#...........@#.....##.(.##...
#...........y#.....##.☼.##.>.
#............#.÷...##÷..##...
#.....####...#.....#######...
###########'##......#########
#......'...........#...
#......#...........#...
#......#######.....#...
#............#.....#...


You could see a killer bee (very poisoned).

Vanquished Creatures
  Grinder (Sewer)
  Prince Ribbit (D:8)
  A hungry ghost (D:7)
  3 sky beasts
  A phantom (D:9)
  An ice beast (D:9)
  A necrophage (D:8)
  An orc warrior (D:9)
  5 ogres
  3 centaurs
  A crocodile (D:9)
  4 bullfrogs
  2 big kobolds (Sewer)
  A gnoll sergeant (D:8)
  17 killer bees
  4 wights
  6 howler monkeys
  2 vampire bats (D:3)
  2 crimson imps
  4 bullfrog zombies
  A quasit (Sewer)
  3 hounds
  3 orc priests
  3 orc wizards
  A gnoll shaman (D:4)
  An iguana (D:8)
  Terence (D:3)
  A bullfrog skeleton (D:9)
  3 worker ants
  2 big kobold zombies (Sewer)
  2 hound zombies
  A hound skeleton (D:8)
  A worker ant zombie (D:8)
  10 gnolls
  A howler monkey skeleton (D:4)
  A river rat (D:3)
  8 adders
  3 shadow imps (Sewer)
  2 ufetubi (Sewer)
  5 oozes
  5 worms
  2 dart slugs (D:1)
  6 leopard geckos
  21 orcs
  5 bat skeletons (D:3)
  A bat zombie (D:3)
  11 giant cockroaches
  22 goblins
  16 hobgoblins
  15 jackals
  19 kobolds
  4 quokkas
  2 ball pythons
  A ball python skeleton (D:6)
  13 bats
  9 frilled lizards
  A jackal zombie (D:6)
  2 kobold zombies (Sewer)
  A leopard gecko skeleton (D:4)
  A quokka skeleton (D:7)
  13 rats
284 creatures vanquished.

Vanquished Creatures (others)
  A big kobold zombie (Sewer)
  A kobold zombie (Sewer)
2 creatures vanquished.

Grand Total: 286 creatures vanquished

Notes
Turn   | Place    | Note
-------+----------+-------------------------------------------
     0 | D:1      | Esekla the Vine Stalker Warper began the quest for the Orb.
     0 | D:1      | Reached XP level 1. HP: 11/11 MP: 4/4
   127 | D:1      | Reached skill level 1 in Armour
   157 | D:1      | Reached skill level 2 in Long Blades
   196 | D:1      | Reached XP level 2. HP: 9/15 MP: 6/6
   206 | D:1      | Learned a level 2 spell: Shroud of Golubria
   209 | D:1      | Learned a level 2 spell: Blink
   904 | D:2      | Reached XP level 3. HP: 12/18 MP: 5/7
  1478 | D:2      | Noticed a bullfrog
  1843 | D:1      | Gained mutation: Your natural rate of healing is unusually
                  | fast. [Vine Stalker growth]
  1843 | D:1      | Reached XP level 4. HP: 20/23 MP: 9/9
  2074 | D:1      | Reached skill level 3 in Long Blades
  2490 | D:2      | Reached skill level 1 in Charms
  2704 | D:2      | Found an iron altar of Okawaru.
  2823 | D:2      | Killed a bullfrog
  2823 | D:2      | Reached XP level 5. HP: 22/26 MP: 10/10
  3049 | D:3      | Noticed Terence
  3120 | D:3      | Found a shattered altar of Ashenzari.
  3128 | D:3      | Became a worshipper of Ashenzari the Shackled
  3261 | D:3      | Reached XP level 6. HP: 15/30 MP: 3/11
  3286 | D:3      | Found a glowing drain.
  3290 | Sewer    | Entered a sewer
  3558 | Sewer    | Found a burning altar of Makhleb.
  3613 | Sewer    | Reached skill level 4 in Long Blades
  3650 | Sewer    | Noticed Grinder
  3750 | Sewer    | Paralysed by Grinder for 3 turns
  3756 | Sewer    | Killed Grinder
  3756 | Sewer    | Reached XP level 7. HP: 32/35 MP: 9/13
  3794 | Sewer    | Reached skill level 1 in Throwing
  4190 | D:3      | Killed Terence
  4435 | D:4      | Found a transporter.
  4944 | D:3      | Reached skill level 5 in Long Blades
  4983 | D:3      | Found an ancient bone altar of Kikubaaqudgha.
  5001 | D:3      | Gained mutation: You have razor-sharp teeth. [Vine Stalker
                  | growth]
  5001 | D:3      | Reached XP level 8. HP: 40/40 MP: 13/15
  5135 | D:4      | Found a glowing golden altar of the Shining One.
  5162 | D:4      | Noticed grindst0ne's ghost (amateur GnWn)
  5163 | D:4      | Identified the +4 dire flail "Poin Giy" {elec, Str+8 Dex-2}
  5164 | D:4      | Found a transporter.
  5943 | D:5      | Entered Level 5 of the Dungeon
  6509 | D:5      | Reached skill level 6 in Long Blades
  6681 | D:5      | Found a radiant altar of Vehumet.
  6696 | D:5      | Reached * piety under Ashenzari
  7064 | D:6      | Reached skill level 5 in Spellcasting
  7064 | D:6      | Reached XP level 9. HP: 45/45 MP: 17/17
  7107 | D:6      | Reached skill level 1 in Stealth
  7192 | D:6      | Found an opulent altar of Gozag.
  7213 | D:6      | Found an ornate altar of the Wu Jian Council.
  7380 | D:6      | Gained mutation: Armour fits poorly on your strangely
                  | shaped body. [potion of mutation]
  7380 | D:6      | Gained mutation: You occasionally shout uncontrollably at
                  | your foes. [potion of mutation]
  7380 | D:6      | Gained mutation: Your spells are a little harder to cast,
                  | but a little more powerful. [potion of mutation]
  7381 | D:6      | Lost mutation: You occasionally shout uncontrollably at
                  | your foes. [potion of mutation]
  7381 | D:6      | Lost mutation: Armour fits poorly on your strangely shaped
                  | body. [potion of mutation]
  7381 | D:6      | Gained mutation: You have a pair of small antennae on your
                  | head. [potion of mutation]
  7381 | D:6      | Gained mutation: You passively map a small area around you.
                  | [potion of mutation]
  7381 | D:6      | Gained mutation: You are surrounded by a mild repulsion
                  | field. (EV +2) [potion of mutation]
  7573 | D:6      | Found a staircase to the Ecumenical Temple.
  7592 | Temple   | Entered the Ecumenical Temple
  8055 | D:6      | Found a hazy altar of Hepliaklqana.
  8094 | D:6      | Found a sparkling altar of Nemelex Xobeh.
  8449 | D:7      | Found a white marble altar of Elyvilon.
  8478 | D:7      | Learned a level 1 spell: Corona
  8490 | D:7      | Reached ** piety under Ashenzari
  8753 | D:7      | Reached skill level 7 in Long Blades
  8793 | D:7      | Noticed Harold
  8824 | D:7      | Found a blossoming altar of Fedhas.
  8983 | D:8      | Noticed Prince Ribbit
  9001 | D:8      | Killed Prince Ribbit
  9137 | D:8      | Reached skill level 1 in Hexes
  9213 | D:8      | Found a burning altar of Makhleb.
  9631 | D:7      | Reached XP level 10. HP: 21/51 MP: 7/19
 10177 | D:9      | Reached *** piety under Ashenzari
 10513 | D:8      | Reached skill level 5 in Fighting
 11093 | D:9      | Reached skill level 1 in Short Blades
 11156 | D:9      | Reached skill level 5 in Charms
 11374 | D:9      | Reached skill level 5 in Translocations
 11390 | D:9      | HP: 2/51 [poisoned by a killer bee]
 11396 | D:9      | HP: 2/51 [poisoned by a killer bee]
 11429 | D:9      | HP: 2/51 [killer bee (5)]
 11431 | D:9      | Slain by a killer bee

Illustrated notes

Levels and vault maps discovered:
D:1:      co_arrival_random_square_maze, layout_loops_cross,
          minmay_close_crescents
D:2:      layout_rooms, marbit_many_paths
D:3:      layout_basic, evilmike_ruin_ashenzari, kennysheep_vampire_church,
          gup_sewer_entry_spiral, st_stairs_12, minmay_circle_x, uniq_terence,
          uniq_robin
D:4:      layout_loops_corners, kennysheep_little_box, gammafunk_ghost_smash,
          chequers_serial_rivers_micro_d, serial_bayou_lagoon_a
D:5:      layout_cave_pods, first_ration, vehumet_altar_wand_db
D:6:      layout_loops_cross, nicolae_overflow_quartered_altars, temple_hall
D:7:      layout_layer_cave, lemuel_doored_altar, fedhas_altar_fruit_tree,
          uniq_harold
D:8:      layout_cave_pools, makhleb_blood_cavern_becter, uniq_prince_ribbit1
D:9:      layout_gridville, special_room [special_room_bee], grunt_ogre_cave
Temple:   minmay_temple_curvy_loop

Skill      XL: |  1  2  3  4  5  6  7  8  9 10 |
---------------+-------------------------------+-----
Armour         | 1 2 3 |  3.1
Long Blades    | 2 3 4 5 6 7 |  7.6
Fighting       | 2 3 4 5 |  5.4
Charms         | 1 2 3 4 5 |  5.2
Spellcasting   | 3 4 5 6 |  6.2
Dodging        | 2 3 4 |  4.1
Throwing       | 1 |  1.3
Stealth        | 1 2 |  2.1
Translocations | 4 5 |  5.0
Hexes          | 1 2 |  2.2
Short Blades   | 1 |  1.1
Evocations     | |  0.1

Action                   |  1- 3 |  4- 6 |  7- 9 | 10-12 || total
-------------------------+-------+-------+-------+-------++-------
Melee: Falchion          |   111 |   281 |   505 |    53 ||   950
       Bite              |    34 |    98 |   203 |    34 ||   369
       Dagger            |       |       |    88 |   109 ||   197
Throw: Boomerang         |       |     2 |       |       ||     2
       Dart              |       |       |    22 |     6 ||    28
 Cast: Shroud of Golubri |     3 |    14 |    11 |     9 ||    37
       Blink             |       |     6 |     7 |     4 ||    17
Invok: Curse Item        |       |       |     1 |       ||     1
Evoke: Wand              |       |     3 |     1 |       ||     4
  Use: Scroll            |       |     8 |     5 |     2 ||    15
       Potion            |       |       |     4 |     4 ||     8
 Stab: Sleeping          |       |     1 |     9 |     4 ||    14
  Eat: Chunk             |     3 |     4 |    18 |     3 ||    28
       Ration            |       |     1 |     1 |     1 ||     3
Armor: Leather armour    |    45 |   107 |   121 |    19 ||   292
       Skin              |       |       |    19 |    15 ||    34
Dodge: Dodged            |    90 |   272 |   329 |   142 ||   833
       Rpst.: Falchion   |    29 |    78 |    82 |     2 ||   191
